 Dungeon Crawl Stone Soup version 0.31.0-32-g396128a36d (webtiles) character file.

Game seed: 4938067247482033959

124 PriceMaster the Firebug (level 5, 0/31 HPs)
             Began as an Octopode Fire Elementalist on Apr 25, 2024.
             Slain by a gnoll
             ... wielding a +0 spear
              (10 damage)
             ... on level 3 of the Dungeon.
             The game lasted 00:03:44 (3393 turns).

PriceMaster the Firebug (OpFE)                      Turns: 3393, Time: 00:03:45

Health: 0/31       AC:  1    Str:  7    XL:     5   Next: 8%
Magic:  0/9        EV: 13    Int: 20    God:
Gold:   101        SH:  0    Dex: 12    Spells: 5/10 levels left

rFire   . . .        i - +8 mace of Living Indomitability {venom, Will+}
rCold   . . .        (no shield)
rNeg    + . .        (helmet restricted)
rPois   .            (no amulet)
rElec   .            f - ring of positive energy
rCorr   .            (no ring)
SInv    .            (no ring)
Will    +....        (no ring)
Stlth   +++          (no ring)
HPRegen 0.25/turn    (no ring)
MPRegen 0.11/turn    (no ring)
                     (no ring)

%: no passive effects
@: no status effects
A: almost no armour, amphibious, 8 rings, camouflage 1, gelatinous body 1,
(nimble swimmer 1), tentacles
a: no special abilities


You were on level 3 of the Dungeon.
You visited 1 branch of the dungeon, and saw 3 of its levels.

You collected 101 gold pieces.

Inventory:

Hand Weapons
 i - the +8 mace of Living Indomitability (weapon) {venom, Will+}
   (You found it on level 2 of the Dungeon)

   Will+:     It increases your willpower.
 k - a +0 vampiric dagger
Jewellery
 f - a ring of positive energy (left tentacle)
Scrolls
 c - 2 scrolls of fear {unknown}
 e - 3 scrolls of identify {unknown}
 j - a scroll of noise {unknown}
 l - a scroll of fog {unknown}
 n - a scroll of amnesia {unknown}
Potions
 a - a potion of magic
 b - a potion of degeneration {unknown}
 g - a potion of lignification {unknown}
 h - a potion of enlightenment {unknown}
 m - a potion of invisibility {unknown}


   Skills:
 + Level 0.3 Maces & Flails
 + Level 2.4 Dodging
 + Level 3.2 Stealth
 + Level 0.2 Unarmed Combat
 + Level 3.0 Spellcasting
 + Level 1.8 Conjurations
 + Level 0.2 Hexes
 + Level 4.0 Fire Magic


You had 5 spell levels left.
You knew the following spells:

 Your Spells              Type           Power      Damage    Failure   Level
a - Foxfire               Conj/Fire      56%        2x1d6     4%          1
b - Inner Flame           Hex/Fire       11%        N/A       19%         3
c - Magic Dart            Conj           40%        1d5       7%          1

Your spell library contained the following spells:

 Spells                   Type           Power      Damage    Failure   Level
 Scorch                   Fire           38%        2d6       4%          2
 Volatile Blastmotes      Fire/Tloc      22%        2d11      19%         3
 Blink                    Tloc           6%         N/A       22%         2
 Call Imp                 Summ           6%         N/A       22%         2
 Flame Wave               Conj/Fire      14%        2d6       38%         4


Dungeon Overview and Level Annotations

Branches:
Dungeon (3/15)

Altars:
Dithmenos
Vehumet

Annotations:
D:3 Ijyb


Innate Abilities, Weirdness & Mutations

You cannot wear most types of armour.
You are amphibious.
You can wear up to eight rings at the same time.
Your skin changes colour to match your surroundings (Stealth+).
Your rubbery body absorbs attacks. (AC +1, EV +1)
((You are camouflaged when in or above water. (Stealth+)))
You have tentacles for arms and can constrict up to eight enemies at once.


Message History

The web tears apart.
The foxfire hits the ribbon worm.
The ribbon worm is severely wounded.
The foxfire hits the ribbon worm.
The ribbon worm is almost dead.
The giant cockroach bites you. The ribbon worm bites you!
The rat attacks as it pursues you! The rat bites you.
The rat attacks as it pursues you! The rat misses you.
You hit the rat.
You kill the rat!
You hit the kobold.
You kill the kobold!
The giant cockroach bites you.
You closely miss the giant cockroach. Your grab misses the giant cockroach.
The gnoll barely misses you. The giant cockroach bites you.
The gnoll closely misses you.
Your magical contamination has completely faded away.
You hit the giant cockroach.
You kill the giant cockroach!
The gnoll completely misses you. The ribbon worm barely misses you.
You thump the ribbon worm!
You kill the ribbon worm!
The gnoll hits you from afar with a +0 spear.
Casting: Foxfire (safe; 4% risk of failure)
Confirm with . or Enter, or press ? or * to list all spells.
You conjure some foxfire!
The gnoll hits you from afar with a +0 spear!
* * * LOW HITPOINT WARNING * * *
It was a potion of curing.
You feel better.
The foxfire hits the gnoll.
The gnoll is lightly wounded.
The foxfire hits the gnoll.
The gnoll is heavily wounded.
The gnoll hits you from afar with a +0 spear.
* * * LOW HITPOINT WARNING * * *
You feel better.
The gnoll hits you from afar with a +0 spear!
Casting: Foxfire (safe; 4% risk of failure)
Confirm with . or Enter, or press ? or * to list all spells.
You conjure some foxfire!
The gnoll hits you from afar with a +0 spear!
You die...

# ... #.# ##.# ####
.####.###.#....#
...###
..........#..(.
.....###......†....#
......####.......#.#
.####..# ####...w#
..|##..## ####g#
....#...# ###.v.#
....#...# ##...v@#
........###....).#
#####....##..###.#
#....#...# #.#
####....#...##..#
................#
#################


You could see a gnoll (ally target) and a dart slug.

Vanquished Creatures
  4 adders
  A gnoll (D:3)
  A dart slug (D:1)
  A ribbon worm (D:3)
  2 orcs (D:3)
  2 ball pythons (D:2)
  7 endoplasms
  5 giant cockroaches
  5 hobgoblins
  A jackal (D:3)
  5 quokkas
  9 bats
  6 frilled lizards (D:1)
  4 goblins
  8 kobolds
  8 rats
69 creatures vanquished.

Vanquished Creatures (collateral kills)
  A foxfire (D:1)
1 creature vanquished.

Vanquished Creatures (others)
  137 foxfires
137 creatures vanquished.

Grand Total: 207 creatures vanquished

Notes
Turn   | Place    | Note
-------+----------+-------------------------------------------
     0 | D:1      | PriceMaster the Octopode Fire Elementalist began the quest
                  | for the Orb.
     0 | D:1      | Reached XP level 1. HP: 11/11 MP: 3/3
   259 | D:1      | Found a faded altar of an unknown god.
   326 | D:1      | Reached XP level 2. HP: 17/17 MP: 0/5
   778 | D:1      | Reached XP level 3. HP: 21/21 MP: 0/6
  1390 | D:2      | Found a shadowy altar of Dithmenos.
  1657 | D:2      | Reached XP level 4. HP: 27/27 MP: 1/7
  1732 | D:2      | Learned a level 3 spell: Inner Flame
  1734 | D:2      | Learned a level 1 spell: Magic Dart
  1795 | D:2      | Identified the +8 mace of Living Indomitability {venom,
                  | Will+}
  2803 | D:3      | Found a radiant altar of Vehumet.
  2846 | D:3      | Noticed Ijyb
  3246 | D:3      | Reached skill level 4 in Fire Magic
  3371 | D:3      | Reached XP level 5. HP: 31/31 MP: 5/9
  3393 | D:3      | Slain by a gnoll

Illustrated notes

Levels and vault maps discovered:
D:1:      eino_arrival_water_cross, layout_basic,
          dreamdust_ecumenical_altar_statues
D:2:      layout_basic, basic_altar
D:3:      minmay_recursive_quarters, layout_basic,
          nicolae_overflow_hidden_temple, minivault_24, palyth_stone_intersect,
          st_stairs_9, uniq_ijyb

Skill      XL: |  1  2  3  4 |
---------------+-------------+-----
Stealth        | 3 |  3.2
Fire Magic     | 4 |  4.0
Spellcasting   | 3 |  3.0
Maces & Flails | |  0.3
Dodging        | |  2.4
Unarmed Combat | |  0.2
Conjurations   | |  1.8
Hexes          | |  0.2

Action                     |  1- 3 |  4- 6 || total
---------------------------+-------+-------++-------
  Melee: Unarmed           |    50 |       ||    50
         Constrict         |    16 |     2 ||    18
         Tentacles         |    15 |     1 ||    16
         Punch             |     1 |       ||     1
         Mace              |       |    20 ||    20
   Cast: Foxfire           |    87 |    30 ||   117
         Magic Dart        |       |    12 ||    12
         Inner Flame       |       |     4 ||     4
    Use: Potion            |       |     2 ||     2
   Stab: Sleeping          |     4 |     2 ||     6
 Armour: Skin              |    30 |    21 ||    51
  Dodge: Dodged            |    32 |    11 ||    43
